 Dungeon Crawl Stone Soup version 0.29-a0-878-g7b45a56547 (webtiles) character file.

Game seed: 13591574375889936419

788 buhh the Carver (level 8, -4/66 HPs)
             Began as a Meteoran Fighter on July 19, 2022.
             Was a Follower of Okawaru.
             Slain by a scorpion (6 damage)
             ... on level 5 of the Dungeon.
             The game lasted 00:06:12 (2621 turns).

buhh the Carver (Meteoran Fighter)                  Turns: 2621, Time: 00:06:13

Health: -4/66      AC:  4    Str: 17    XL:     8   Next: 34%
Magic:  9/9        EV:  9    Int: 10    God:    Okawaru [*.....]
Gold:   186        SH:  5    Dex: 16    Spells: 7/7 levels left

rFire   . . .      SeeInvis .   a - +0 long sword
rCold   . . .      Faith    .   c - +0 buckler
rNeg    . . .      Spirit   .   b - +0 scale mail
rPois   .          Reflect  .   (no helmet)
rElec   .          Harm     .   i - +0 cloak
rCorr   .          Rampage  .   (no gloves)
Will    +....                   (no boots)
Stlth   ..........              (no amulet)
HPRegen 0.21/turn               l - +4 ring of protection
MPRegen 0.11/turn               u - ring of flight

@: brilliant, lethally poisoned (-4 -> -6), corroded, flying, glowing
A: sense surroundings 1, otherworldly, glowing, explore regen
a: Renounce Religion, Heroism


You were on level 5 of the Dungeon.
You worshipped Okawaru.
Okawaru was aware of your devotion.
You visited 2 branches of the dungeon, and saw 6 of its levels.

You collected 186 gold pieces.

Inventory:

Hand Weapons
 a - a +0 long sword (weapon)
Armour
 b - a +0 scale mail (worn)
 c - a +0 buckler (worn)
 i - a +0 cloak (worn)
 o - a +0 kite shield
Jewellery
 l - a +4 ring of protection (left hand)
 q - a ring of wizardry
 u - a ring of flight (right hand)
Wands
 F - a wand of charming (5)
Scrolls
 d - 2 scrolls of magic mapping {!d}
 e - a scroll of noise
 f - 2 scrolls of teleportation {unknown}
 g - 2 scrolls of blinking {unknown}
 h - a scroll of poison {unknown}
 j - 2 scrolls of summoning {unknown}
 k - 4 scrolls of amnesia {unknown}
 p - a scroll of enchant weapon {unknown}
 r - 2 scrolls of identify {unknown}
 s - a scroll of fear {unknown}
Potions
 m - a potion of might


   Skills:
 + Level 3.9 Fighting
 * Level 10.2 Long Blades
 - Level 3.6 Armour
 - Level 3.6 Shields


You had 7 spell levels left.
You didn't know any spells.
Your spell library contained the following spells:

 Spells                   Type           Power      Damage    Failure   Level
 Conjure Flame            Conj/Fire      0%         6-21      99%         3
 Ignite Poison            Fire/Tmut/Pois 0%         N/A       99%         3
 Sticky Flame             Conj/Fire      0%         2d3       100%        4


Dungeon Overview and Level Annotations

Branches:
Dungeon (5/15) Zot: 565    Temple (1/1) D:4 Zot: 352

Altars:
Cheibriados
Elyvilon
Fedhas
Gozag
Kikubaaqudgha
Makhleb
Nemelex Xobeh
Okawaru
Qazlal
Ru
Sif Muna
Trog
Uskayaw
Vehumet
Yredelemnul
Zin
The Shining One


Innate Abilities, Weirdness & Mutations

You passively map a small area around you.
You are easily found by Zot.
You glow in the dark.
You regain HP and MP as you explore.


Message History

The scorpion closely misses you.
You barely miss the scorpion.
The scorpion is heavily wounded.
You feel very sick. The scorpion stings you.
* * * LOW HITPOINT WARNING * * *
You are lethally poisoned!
The scorpion poisons you!
It was a potion of brilliance.
You feel clever all of a sudden.
* * * LOW HITPOINT WARNING * * *
You feel very sick. You block the scorpion's attack.
The scorpion barely misses you.
It was a potion of heal wounds.
You feel much better.
You feel very sick. You block the scorpion's attack.
You barely miss the scorpion.
The scorpion is heavily wounded.
You feel sick. The scorpion completely misses you.
You barely miss the scorpion.
The scorpion is heavily wounded.
You feel very sick.
The scorpion stings you but does no damage.
You hit the scorpion.
The scorpion is heavily wounded.
You feel sick.
The scorpion stings you but does no damage.
You feel sick. The scorpion attacks as you move away! The scorpion stings you.
* * * LOW HITPOINT WARNING * * *
You feel sick. The scorpion stings you.
* * * LOW HITPOINT WARNING * * *
* * * LOW HITPOINT WARNING * * *
You feel sick.
You aren't carrying any items that you can evoke.
You hit the scorpion but do no damage.
The scorpion is heavily wounded.
* * * LOW HITPOINT WARNING * * *
You feel sick. The scorpion stings you.
You die...

#.#........+..........
,#.#..#.##
#.#..#######.........
#.#...... .....#
###.?...[.. #.#.#.###
#.#..# , ..........
*#.#.#.. # #.#..# ,
........#*#####.#.##.##
#.#..#
........###....).......
.....# ,
..##.........#* # ##..#
#.#..#
#..s......##.#.###.#
#.#..#* ,
#..@..............<.
#.#..#
##.........##.#.###.#
......,,
...............#.###..
####*##
####.........####......
* * **
#.............#####. #
,, ...............###
## .
########.........#, .
.# , #.........# ,. ...
, , #........##*


You could see a scorpion.

Vanquished Creatures
  Menkaure (D:4)
  A water moccasin (D:4)
  An ice beast (D:5)
  A phantom (D:5)
  A hound (D:4)
  2 jellies
  An orc priest (D:5)
  An iguana (D:4)
  3 orc wizards
  7 gnolls
  3 adders
  3 worms
  2 dart slugs
  13 orcs
  2 ball pythons
  3 bats
  7 endoplasms
  4 giant cockroaches
  4 goblins
  6 hobgoblins
  6 jackals
  5 kobolds
  2 quokkas
  4 frilled lizards
  8 rats
91 creatures vanquished.

Vanquished Creatures (others)
  6 plants (D:1)
  2 withered plants (D:4)
8 creatures vanquished.

Grand Total: 99 creatures vanquished

Notes
Turn   | Place    | Note
-------+----------+-------------------------------------------
     0 | D:1      | buhh the Meteoran Fighter began the quest for the Orb.
     0 | D:1      | Reached XP level 1. HP: 19/19 MP: 2/2
   167 | D:1      | Reached skill level 3 in Long Blades
   167 | D:1      | Reached XP level 2. HP: 18/26 MP: 3/3
   356 | D:1      | Reached XP level 3. HP: 27/31 MP: 4/4
   462 | D:1      | Glimpsed the power of Zot.
   511 | D:1      | Glimpsed the power of Zot.
   564 | D:2      | Reached skill level 4 in Long Blades
   871 | D:2      | Reached XP level 4. HP: 38/38 MP: 5/5
  1054 | D:2      | Glimpsed the power of Zot.
  1129 | D:3      | Found a blossoming altar of Fedhas.
  1129 | D:3      | Found a white marble altar of Elyvilon.
  1155 | D:3      | Reached skill level 5 in Long Blades
  1269 | D:3      | Found a faded altar of an unknown god.
  1466 | D:3      | Reached XP level 5. HP: 26/45 MP: 6/6
  1530 | D:3      | Reached skill level 6 in Long Blades
  1671 | D:4      | Noticed a water moccasin
  1681 | D:4      | Killed a water moccasin
  1682 | D:4      | Reached skill level 7 in Long Blades
  1682 | D:4      | Reached XP level 6. HP: 22/51 MP: 7/7
  1726 | D:4      | Found a staircase to the Ecumenical Temple.
  1729 | D:4      | Noticed Menkaure
  1735 | Temple   | Entered the Ecumenical Temple
  1933 | Temple   | Became a worshipper of Warmaster Okawaru
  1986 | D:4      | Killed Menkaure
  1987 | D:4      | Reached skill level 8 in Long Blades
  1987 | D:4      | Reached XP level 7. HP: 48/57 MP: 8/8
  2007 | D:4      | Found an ancient bone altar of Kikubaaqudgha.
  2083 | D:4      | Reached * piety under Okawaru
  2180 | D:4      | Reached skill level 9 in Long Blades
  2215 | D:5      | Entered Level 5 of the Dungeon
  2304 | D:5      | Reached XP level 8. HP: 34/63 MP: 9/9
  2535 | D:5      | Reached skill level 10 in Long Blades
  2555 | D:5      | Found a sacrificial altar of Ru.
  2619 | D:5      | HP: 3/66 [scorpion (3)]
  2621 | D:5      | Slain by a scorpion

Illustrated notes

Levels and vault maps discovered:
D:1:      sevenhm_arrival_forest_fort_small_4, layout_loops_ring, serial_bayou,
          serial_bayou_shore_a, serial_bayou_ford_a, serial_bayou_pond_a,
          serial_bayou_pond_d, minmay_misc_feat_five, serial_bayou_lagoon_b
D:2:      layout_loops_ring
D:3:      layout_rooms, chequers_temple_overflow_statue_of_worship,
          hellmonk_ecumenical_altar_heavens_door, kennysheep_small_spiral,
          bh_walls_and_bars
D:4:      layout_rooms, kiku_gazebo_garden_becter,
          minmay_temple_entry_statues_pillars, chequers_garden,
          hangedman_decor_riveting, uniq_menkaure
D:5:      layout_basic, hangedman_ru_absence
Temple:   nicolae_temple_figure_eight

Skill      XL: |  1  2  3  4  5  6  7  8 |
---------------+-------------------------+-----
Long Blades    | 3 4 5 7 8 9 10 | 10.2
Fighting       | |  3.9
Armour         | |  3.6
Shields        | |  3.6

Action                   |  1- 3 |  4- 6 |  7- 9 || total
-------------------------+-------+-------+-------++-------
Melee: Long sword        |    88 |   128 |   103 ||   319
  Use: Scroll            |       |     2 |       ||     2
       Potion            |       |     1 |     2 ||     3
Armor: Scale mail        |    49 |    65 |    39 ||   153
Dodge: Dodged            |    36 |    34 |    37 ||   107
Block: Buckler           |    18 |    36 |    22 ||    76

Table legend: (Time is in decaauts)
 A = Elapsed time spent in this place.
 B = Non-inter-level travel time spent in this place.
 C = Inter-level travel time spent in this place.
 D = Time resting spent in this place.
 E = Time spent auto-exploring this place.
 F = Levels seen in this place.
 G = Mean time per level.
                   A        B        C        D        E       F      G
               +--------+--------+--------+--------+--------+-----+--------+
         Total |   2680 |   2574 |    106 |      0 |   1622 |   6 |  446.7 |
       Dungeon |   2433 |   2334 |     99 |      0 |   1439 |   5 |  486.6 |
        Temple |    247 |    240 |      7 |      0 |    183 |   1 |  247.0 |
               +--------+--------+--------+--------+--------+-----+--------+

Top non-repeatable levels by time:
     D:1: 557 daAuts
     D:2: 548 daAuts
     D:3: 548 daAuts
     D:4: 393 daAuts
     D:5: 386 daAuts
  Temple: 247 daAuts
